 Dungeon Crawl Stone Soup version 0.31-a0-23-gcbde74481b (webtiles) character file.

Game seed: 6856220302161034746

9065 pk666 the Thaumaturge (level 11, -11/47 (54) HPs)
             Began as a Deep Elf Hedge Wizard on May 13, 2023.
             Was a Follower of Vehumet.
             Mangled by a spectral orc warlord
             ... wielding a +3 antimagic battleaxe
             ... summoned by Nergalle
              (22 damage)
             ... on level 10 of the Dungeon.
             The game lasted 01:13:28 (17570 turns).

pk666 the Thaumaturge (Deep Elf Hedge Wizard)      Turns: 17570, Time: 01:13:28

HP:   -11/47 (54)   AC:  9    Str:  7    XL:     11   Next: 18%
MP:   2/29          EV: 16    Int: 24    God:    Vehumet [*.....]
Gold: 526           SH:  0    Dex: 14    Spells: 22/34 levels left

rFire   . . .        h - +2 short sword (venom)
rCold   . . .        (no shield)
rNeg    . . .        D - +0 steam dragon scales
rPois   .            c - +0 hat
rElec   +            f - +0 cloak
rCorr   .            x - +1 pair of gloves of Uskayaw, Lusting {Fly rElec}
SInv    .            C - +0 pair of boots
Will    +....        (no amulet)
Stlth   ++           (no ring)
HPRegen 0.27/turn    (no ring)
MPRegen 0.21/turn

%: no passive effects
@: flying, heavily drained
A: no striking features
a: Renounce Religion


You were on level 10 of the Dungeon.
You worshipped Vehumet.
Vehumet was aware of your devotion.
You visited 2 branches of the dungeon, and saw 15 of its levels.
You also visited: Gauntlet.

You collected 603 gold pieces.
You spent 77 gold pieces at shops.

Inventory:

Hand Weapons
 h - a +2 short sword of venom (weapon)
Armour
 b - a +0 robe
 c - a +0 hat (worn)
 f - a +0 cloak (worn)
 x - the +1 pair of gloves of Uskayaw, Lusting (worn) {Fly rElec}
   (You found it on level 5 of the Dungeon)

   rElec:     It insulates you from electricity.
   Fly:       It grants you flight.
 C - a +0 pair of boots (worn)
 D - +0 steam dragon scales (worn)
Magical Staves
 s - a staff of poison
Jewellery
 G - a +6 ring of strength
Wands
 e - a wand of digging (7)
 t - a wand of paralysis (7)
 w - a wand of iceblast (4)
 y - a wand of acid (1)
 E - a wand of polymorph (9)
Scrolls
 g - 5 scrolls of magic mapping
 i - a scroll of acquirement
 j - a scroll of teleportation
 m - a scroll of brand weapon
 p - 2 scrolls of immolation
 q - a scroll of poison
 u - 2 scrolls of noise
 z - a scroll of enchant armour {unknown}
 F - 3 scrolls of amnesia {unknown}
Potions
 a - a potion of might
 d - 2 potions of magic
 k - 2 potions of ambrosia
 n - a potion of invisibility
 o - a potion of lignification
 r - 3 potions of curing
 A - 2 potions of cancellation
 B - a potion of flight


   Skills:
 - Level 8.5 Dodging
 - Level 2.4 Stealth
 - Level 12.3 Spellcasting
 - Level 8.6 Conjurations
 - Level 1.1 Summonings
 - Level 4.0 Translocations
 * Level 8.3 Fire Magic
 - Level 5.0 Air Magic
 - Level 5.0 Poison Magic


You had 22 spell levels left.
You knew the following spells:

 Your Spells              Type           Power      Damage    Failure   Level
a - Magic Dart            Conj           100%       1d8       1%          1
b - Blink                 Tloc           68%        N/A       1%          2
c - Mephitic Cloud        Conj/Pois/Air  44%        N/A       1%          3
d - Plasma Beam           Fire/Air       23%        2x1d38    38%         6

Your spell library contained the following spells:

 Spells                   Type           Power      Damage    Failure   Level
 Sandblast                Erth           28%        2d8       4%          1
 Apportation              Tloc           68%        N/A       1%          1
 Cigotuvi's Dreadful Rot  Necr/Pois/Air  60%        N/A       1%          2
 Vhi's Electric Charge    Tloc/Air       72%        N/A       1%          3
 Summon Small Mammal      Summ           80%        N/A       2%          1
 Beastly Appendage        Tmut           28%        N/A       4%          1
 Necrotise                Necr           56%        1d6       4%          1
 Slow                     Hex            56%        N/A       4%          1
 Call Imp                 Summ           40%        N/A       4%          2
 Spider Form              Tmut/Pois      26%        N/A       4%          3
 Wereblood                Tmut           14%        N/A       6%          2
 Arcjolt                  Conj/Air       23%        1d33      7%          5
 Passage of Golubria      Tloc           34%        N/A       8%          4
 Tukima's Dance           Hex            14%        N/A       12%         3
 Summon Lightning Spire   Summ/Air       29%        N/A       12%         4
 Yara's Violent Unravell  Hex/Tmut       7%         3d5       75%         5
 Malign Gateway           Summ/Tloc      13%        N/A       100%        7
 Storm Form               Tmut/Air       13%        N/A       100%        7
 Maxwell's Capacitive Co  Air            19%        ∞         100%        8
 Summon Horrible Things   Summ           10%        N/A       100%        8


Dungeon Overview and Level Annotations

Branches:
Dungeon (14/15)            Temple (1/1) D:6            Lair (0/5) D:11
    Orc (0/2) D:11        Gauntlet (visited)
 Vaults: D:13-14

Altars:
Ashenzari
Cheibriados
Dithmenos
Elyvilon
Fedhas
Gozag
Hepliaklqana
Kikubaaqudgha
Makhleb
Nemelex Xobeh
Okawaru
Qazlal
Ru
Sif Muna
Trog
Uskayaw
Vehumet
Wu Jian
Xom
Yredelemnul
Zin
The Shining One

Shops:
D:3 =[   D:5 **   D:11 (

Annotations:
D:10 Nergalle
D:13 Jorgrun


Message History

The magic dart hits Nergalle but does no damage.
Nergalle is severely wounded.
Casting: Magic Dart (safe; 1% risk of failure)
Confirm with . or Enter, or press ? or * to list all spells.
Aiming: Magic Dart (safe; 1% risk of failure)
Press: ? - help, Shift-Dir - straight line, f/p - Nergalle
Aim: Nergalle, wielding a +1 dagger of venom and wearing a +0 robe (severely wounded, confused, very poisoned, 100% to hit)
The magic dart hits Nergalle but does no damage.
Nergalle is severely wounded.
You feel stable enough to blink again.
Nergalle grins madly.
The spectral orc warlord hits you with a +3 antimagic battleaxe!!
* * * LOW HITPOINT WARNING * * *
You feel your power leaking away.
You feel much better.
Nergalle chortles and stares into space.
The spectral orc warlord hits you with a +3 antimagic battleaxe!
* * * LOW HITPOINT WARNING * * *
You feel drained.
* * * LOW HITPOINT WARNING * * *
You feel much better.
The spectral orc warlord hits you with a +3 antimagic battleaxe!!
* * * LOW HITPOINT WARNING * * *
You feel drained.
* * * LOW HITPOINT WARNING * * *
As you read the scroll of fear, it crumbles to dust.
You assume a fearsome visage.
The spectral orc warlord is unaffected.
Nergalle looks frightened!
The spectral orc warlord closely misses you.
There is an open door here.
The spectral orc warlord attacks as you move away!
The spectral orc warlord barely misses you.
Nergalle seems less confused.
Nergalle gestures at the spectral orc warlord while chanting.
The spectral orc warlord seems to speed up.
The spectral orc warlord closely misses you.
The spectral orc warlord closely misses you.
The spectral orc warlord attacks as you move away!
The spectral orc warlord hits you with a +3 antimagic battleaxe!!
You die...

.....# #.......#
.....# #.......#
'##### #####'###
.. #..# #. ##.#
.## ####.## #..#
#.....#
.#.#########....Z#
................@#
#<# ######.....#
#Z# #....># #.#
#.....# #.#
###<### #.# #[#
#.# #.# ##.### #'#
.....# ...


You could see a spectral orc warlord (summoned, fast).

Vanquished Creatures
  Pikel (D:8)
  3 centaur zombies (D:10)
  Psyche (D:8)
  An unseen horror zombie (D:10)
  A kobold demonologist (D:9)
  A hornet (D:7)
  A troll (D:11)
  A meliai zombie (D:10)
  A vampire (D:10)
  A wraith (D:10)
  6 yaks (D:10)
  3 shadows
  2 wyverns
  2 humans (D:8)
  Grum (D:8)
  3 steam dragons
  A black bear (D:5)
  2 ice beasts
  A sky beast (D:6)
  5 orc warriors
  5 centaurs
  2 wolves (D:8)
  An ogre (D:5)
  A lemure (D:8)
  3 phantoms
  2 scorpions (D:5)
  3 wights
  3 killer bees (D:8)
  A jelly (D:5)
  2 electric eels (D:8)
  2 howler monkeys
  A gnoll bouda (D:10)
  2 orc priests
  6 hounds
  3 sleepcaps
  3 iguanas
  5 orc wizards
  6 gnolls
  A howler monkey zombie (D:10)
  8 adders
  3 shadow imps
  A worm (D:2)
  3 dart slugs
  19 orcs
  4 ball pythons
  4 bats
  10 endoplasms
  5 giant cockroaches
  10 hobgoblins
  3 jackals
  4 quokkas (D:1)
  4 frilled lizards
  4 goblins
  6 kobolds
  6 rats
184 creatures vanquished.

Vanquished Creatures (others)
  Joseph (D:8)
  Prince Ribbit (D:7)
  An orc priest (D:8)
  A sleepcap (D:7)
  2 orcs (D:8)
6 creatures vanquished.

Grand Total: 190 creatures vanquished

Notes
Turn   | Place    | Note
-------+----------+-------------------------------------------
     0 | D:1      | pk666 the Deep Elf Hedge Wizard began the quest for the
                  | Orb.
     0 | D:1      | Reached XP level 1. HP: 10/10 MP: 7/7
   277 | D:1      | Reached XP level 2. HP: 15/15 MP: 7/9
   891 | D:1      | Reached skill level 5 in Spellcasting
   955 | D:1      | Reached XP level 3. HP: 19/19 MP: 5/11
  1374 | D:1      | Found a faded altar of an unknown god.
  1657 | D:1      | Learned a level 2 spell: Blink
  1661 | D:1      | Learned a level 3 spell: Mephitic Cloud
  2269 | D:2      | Reached XP level 4. HP: 18/24 MP: 4/13
  2612 | D:3      | Reached skill level 1 in Air Magic
  2700 | D:3      | Found Gyfaiqo's Antique Armour Shop.
  2758 | D:3      | Reached skill level 1 in Poison Magic
  2967 | D:3      | Found Zut Optaes's Jewellery Shoppe.
  3244 | D:3      | Found a glowing golden altar of the Shining One.
  3606 | D:4      | Noticed a steam dragon
  3630 | D:4      | Killed a steam dragon
  3631 | D:4      | Reached XP level 5. HP: 5/28 MP: 8/15
  3760 | D:4      | Reached XP level 6. HP: 32/32 MP: 6/16
  4390 | D:4      | Found a hide-covered altar of Uskayaw.
  4614 | D:5      | Entered Level 5 of the Dungeon
  4614 | D:5      | Found a white marble altar of Elyvilon.
  4638 | D:5      | Noticed an ice beast
  4944 | D:5      | Found Dehays's General Store.
  4947 | D:5      | Bought a scroll of fear for 44 gold pieces
  4947 | D:5      | Bought a scroll of teleportation for 33 gold pieces
  5057 | D:5      | Identified the +1 pair of gloves of Uskayaw, Lusting {Fly
                  | rElec}
  5154 | D:5      | Reached skill level 6 in Spellcasting
  5214 | D:5      | Found Vuilaile's Neck Hole.
  5231 | D:5      | Reached XP level 7. HP: 36/36 MP: 6/18
  6254 | D:6      | Reached skill level 7 in Spellcasting
  6254 | D:6      | Reached skill level 5 in Poison Magic
  6254 | D:6      | Reached XP level 8. HP: 27/41 MP: 8/20
  6460 | D:6      | Identified the +8 short sword "Zounau Gieky" {drain, Int+3}
  6761 | D:6      | Found a staircase to the Ecumenical Temple.
  6932 | Temple   | Entered the Ecumenical Temple
  7475 | D:6      | Reached skill level 8 in Spellcasting
  7475 | D:6      | Reached skill level 5 in Conjurations
  7705 | D:6      | Found a shimmering blue altar of Sif Muna.
  8034 | D:7      | Noticed a hornet
  8162 | D:7      | Reached skill level 5 in Dodging
  8313 | D:7      | Found a radiant altar of Vehumet.
  8425 | D:7      | Became a worshipper of Vehumet
  8426 | D:7      | Noticed Prince Ribbit
  8476 | D:7      | Killed Prince Ribbit
  8477 | D:7      | Reached skill level 9 in Spellcasting
  8477 | D:7      | Reached XP level 9. HP: 45/45 MP: 13/24
  8779 | D:7      | HP: 2/45 [wyvern (1)]
  9077 | D:8      | Noticed Joseph
  9098 | D:8      | Killed Joseph
  9107 | D:8      | Noticed Psyche
  9119 | D:8      | Noticed Pikel
  9529 | D:8      | Killed Psyche
  9530 | D:8      | Reached skill level 10 in Spellcasting
  9638 | D:8      | Noticed Grum
 10217 | D:8      | Killed Grum
 10746 | D:8      | Killed Pikel
 10747 | D:8      | Reached skill level 11 in Spellcasting
 10747 | D:8      | Reached XP level 10. HP: 50/50 MP: 13/27
 10935 | D:8      | Found an iron altar of Okawaru.
 11145 | D:9      | Learned a level 6 spell: Plasma Beam
 11231 | D:9      | Found a basalt altar of Yredelemnul.
 11299 | D:9      | Reached skill level 1 in Fire Magic
 11427 | D:9      | Reached * piety under Vehumet
 11427 | D:9      | Offered knowledge of Sandblast by Vehumet.
 11670 | D:9      | Found a shadowy altar of Dithmenos.
 12644 | D:9      | Found an opulent altar of Gozag.
 12884 | D:10     | Entered Level 10 of the Dungeon
 13066 | D:11     | Noticed a gargoyle
 13100 | D:11     | Found a staircase to the Lair.
 13100 | D:11     | Noticed a manticore
 13196 | D:11     | Found a gate leading to a gauntlet.
 13360 | Gauntlet | Entered a Gauntlet
 13360 | Gauntlet | Found a transporter.
 13362 | Gauntlet | Noticed a death drake
 13362 | Gauntlet | Noticed a spectral centaur warrior
 13363 | Gauntlet | Found a transporter.
 13371 | Gauntlet | Noticed a wolf spider
 13371 | Gauntlet | Noticed an entropy weaver
 13378 | Gauntlet | Found a transporter.
 13388 | Gauntlet | Noticed an entropy weaver
 13396 | Gauntlet | Found a transporter.
 13398 | Gauntlet | Found a transporter.
 13419 | Gauntlet | Found a transporter.
 13421 | Gauntlet | Noticed a reaper
 13432 | Gauntlet | Found a transporter.
 13446 | Gauntlet | Found a transporter.
 13451 | Gauntlet | Noticed a death scarab
 13462 | Gauntlet | Noticed a death scarab
 13474 | Gauntlet | Found a runed translucent gate.
 13475 | Gauntlet | Found a transporter.
 13475 | Gauntlet | Found a transporter.
 13475 | Gauntlet | Found a runed translucent gate.
 13500 | Gauntlet | Found a runed translucent gate.
 13513 | Gauntlet | Found a transporter.
 13513 | Gauntlet | Found a transporter.
 13635 | Gauntlet | Found a transporter.
 13647 | Gauntlet | Found a runed translucent gate.
 13648 | Gauntlet | Found a transporter.
 13648 | Gauntlet | Found a runed translucent gate.
 13649 | Gauntlet | Found a runed translucent gate.
 13650 | Gauntlet | Found a transporter.
 13654 | Gauntlet | Found a transporter.
 13655 | Gauntlet | Found a transporter.
 13656 | Gauntlet | Found a transporter.
 13825 | D:11     | Found Puin's Weapon Boutique.
 13827 | D:11     | You are sucked into a shaft and drop 3 floors!
 13885 | D:13     | Noticed Jorgrun
 13889 | D:12     | Noticed a purple ugly thing
 13907 | D:11     | Noticed a gargoyle
 13912 | D:11     | Found a staircase to the Orcish Mines.
 14276 | D:9      | HP: 1/50 [something (17)]
 15279 | D:10     | Reached skill level 12 in Spellcasting
 15279 | D:10     | Reached skill level 5 in Air Magic
 15295 | D:10     | Reached skill level 5 in Fire Magic
 15432 | D:10     | Identified a scroll of acquirement
 15807 | D:10     | Reached XP level 11. HP: 37/54 MP: 29/29
 16293 | D:10     | Noticed Nergalle
 17156 | D:10     | Identified the +1 hand axe of the Kidney {heavy, rElec}
 17551 | D:10     | Noticed a spectral orc warlord
 17559 | D:10     | HP: 2/51 [spectral orc warlord/+3 antimagic
                  | battleaxe[Nergalle] (19)]
 17570 | D:10     | Mangled by a spectral orc warlord

Illustrated notes

Levels and vault maps discovered:
D:1:      evilmike_arrival_crescent, layout_loops_ring,
          shapermc_ecumenical_altar_mp_ritualfount, grunt_decor_cap,
          minmay_crystal_room, minmay_unequal
D:2:      layout_rooms, serial_curves, eino_curves_03, eino_curves_04
D:3:      layout_loops_ring, lemuel_round_altar, serial_shops, shop,
          nicolae_shop_pleasant_corner_grove
D:4:      kennysheep_six_static_rooms, layout_rooms, nicolae_uskayaw_suspiria
D:5:      nicolae_cairo_tiling, layout_gridville, lemuel_crystal_altar,
          serial_shops, nicolae_shop_tiny_real_fake_doors,
          nicolae_shop_sticking_my_neck_out
D:6:      layout_basic, kennysheep_orc_sif_temple, minmay_temple_entry_offerings
D:7:      layout_rooms, fiery_altar_vehumet, uniq_prince_ribbit1
D:8:      layout_rooms, okawaru_humans, kennysheep_small_spiral, uniq_pikel,
          uniq_psyche, uniq_grum, uniq_joseph
D:9:      layout_basic, nicolae_gozag_seed_capital,
          grunt_dithmenos_smoke_and_mirrors, mainiacjoe_overflow_surrounded_room
D:10:     layout_roguey, serial_undead, serial_undead_a, serial_undead_d,
          serial_undead_d, serial_undead_b, uniq_nergalle
D:11:     layout_loops_ring, lair_entry_dummy, erik_orc_2, serial_shops, shop,
          gauntlet_entry_generic, uniq_maurice, uniq_lodul, uniq_josephine
D:12:     due_megacathedral, layout_cave_pools, minmay_misc_feat_doors
D:13:     layout_loops_ring, david_vaults_3, gammafunk_ghost_crypt, uniq_urug,
          uniq_jorgrun
D:14:     layout_loops_ring, nicolae_tso_carved_into_rock, uniq_agnes,
          uniq_louise
Temple:   nicolae_temple_ecumenical_triangle

Skill      XL: |  1  2  3  4  5  6  7  8  9 10 11 |
---------------+----------------------------------+-----
Conjurations   | 2 3 4 6 8 |  8.6
Translocations | 2 3 4 |  4.0
Spellcasting   | 5 6 7 9 11 12 | 12.3
Air Magic      | 2 3 4 5 |  5.0
Poison Magic   | 2 3 5 |  5.0
Dodging        | 5 8 |  8.5
Fire Magic     | 6 8 |  8.3
Stealth        | |  2.4
Summonings     | |  1.1

Action                     |  1- 3 |  4- 6 |  7- 9 | 10-12 || total
---------------------------+-------+-------+-------+-------++-------
  Melee: Dagger            |     8 |       |       |       ||     8
         Short sword       |       |    14 |    88 |    67 ||   169
         Punch             |       |       |       |     2 ||     2
   Cast: Magic Dart        |   131 |   135 |   346 |   345 ||   957
         Blink             |       |     4 |    21 |    20 ||    45
         Mephitic Cloud    |       |     2 |    35 |    34 ||    71
  Evoke: Wand              |       |       |       |     9 ||     9
    Use: Scroll            |       |       |     9 |    16 ||    25
         Potion            |       |       |     6 |     6 ||    12
   Stab: Sleeping          |       |     1 |       |       ||     1
         Confused          |       |       |     8 |    12 ||    20
 Armour: Robe              |     6 |     8 |    11 |       ||    25
         Steam dragon scal |       |       |    45 |   137 ||   182
  Dodge: Dodged            |    22 |    28 |   139 |   290 ||   479

Table legend: (Time is in decaauts)
 A = Elapsed time spent in this place.
 B = Non-inter-level travel time spent in this place.
 C = Inter-level travel time spent in this place.
 D = Time resting spent in this place.
 E = Time spent auto-exploring this place.
 F = Levels seen in this place.
 G = Mean time per level.
                   A        B        C        D        E       F      G
               +--------+--------+--------+--------+--------+-----+--------+
         Total |  17599 |  16709 |    890 |   6597 |   6147 |  16 | 1099.9 |
       Dungeon |  17126 |  16242 |    884 |   6497 |   5970 |  14 | 1223.3 |
        Temple |     43 |     37 |      6 |      0 |     31 |   1 |   43.0 |
      Gauntlet |    428 |    428 |      0 |    100 |    146 |   1 |  428.0 |
               +--------+--------+--------+--------+--------+-----+--------+

Top non-repeatable levels by time:
     D:9: 3022 daAuts
    D:10: 2182 daAuts
     D:6: 2147 daAuts
     D:8: 1802 daAuts
     D:1: 1711 daAuts
     D:7: 1437 daAuts
     D:5: 1328 daAuts
     D:4: 1253 daAuts
     D:3: 908 daAuts
     D:2: 755 daAuts
    D:11: 497 daAuts
Gauntlet: 428 daAuts
    D:13: 51 daAuts
  Temple: 43 daAuts
    D:12: 17 daAuts
